 Dungeon Crawl Stone Soup version 0.31-a0-1164-geb876a39b7 (webtiles) character file.

Game seed: 7358828705269213813

131 MackTheKnife the Chopper (level 4, -3/33 HPs)
             Began as a Demonspawn Warper on Dec 9, 2023.
             Was an Initiate of Gozag.
             Killed by nerve-wracking pain
             ... invoked by an orc priest
              (13 damage)
             ... on level 3 of the Dungeon.
             The game lasted 00:03:33 (2407 turns).

MackTheKnife the Chopper (Demonspawn Warper)        Turns: 2407, Time: 00:03:33

Health: -3/33      AC:  5    Str: 13    XL:     4   Next: 91%
Magic:  7/7        EV: 10    Int: 13    God:    Gozag
Gold:   239        SH:  0    Dex: 13    Spells: 7/7 levels left

rFire   . . .        a - +0 hand axe {axe}
rCold   . . .        (no shield)
rNeg    . . .        l - +0 ring mail
rPois   .            (no helmet)
rElec   .            (no cloak)
rCorr   .            (no gloves)
SInv    .            (no boots)
Will    .....        (no amulet)
Stlth   +            (no ring)
HPRegen 0.25/turn    (no ring)
MPRegen 0.10/turn

%: no passive effects
@: no status effects
A: powered by pain 1
a: Renounce Religion, Potion Petition, Call Merchant, Bribe Branch


You were on level 3 of the Dungeon.
You worshipped Gozag.
Gozag was aware of your devotion.
You visited 1 branch of the dungeon, and saw 3 of its levels.

You collected 239 gold pieces.


Innate Abilities, Weirdness & Mutations

You sometimes gain a little power by taking damage.


   Skills:
 - Level 2.0 Fighting
 + Level 4.7 Axes
 - Level 0.8 Throwing
 - Level 0.8 Armour
 - Level 1.7 Dodging
 - Level 2.0 Spellcasting
 - Level 2.6 Translocations


You had 7 spell levels left.
You didn't know any spells.
Your spell library contained the following spells:

 Spells                   Type           Power      Damage    Failure   Level
 Blink                    Tloc           16%        N/A       26%         2
 Lesser Beckoning         Tloc           16%        N/A       26%         2
 Gell's Gravitas          Tloc           8%         N/A       47%         3
 Teleport Other           Tloc           8%         N/A       47%         3
 Manifold Assault         Tloc           8%         N/A       87%         4
 Passage of Golubria      Tloc           8%         N/A       87%         4
 Vhi's Electric Charge    Tloc/Air       8%         N/A       97%         4
 Silence                  Hex/Air        0%         N/A       100%        5
 Dispersal                Tloc           4%         N/A       100%        6
 Lehudib's Crystal Spear  Conj/Erth      0%         10d2      100%        8

Inventory:

Hand Weapons
 a - a +0 hand axe (weapon) {axe}
 p - a +1 falchion of electrocution {long}
   (You took it off an orc on level 2 of the Dungeon)
Missiles
 d - 7 darts of dispersal {=f!fthrowing}
 i - 4 poisoned darts (quivered) {throwing}
Armour
 l - a +0 ring mail (worn)
   (You found it on level 1 of the Dungeon)
Jewellery
 n - an amulet of magic regeneration {@e2}
   (You found it on level 2 of the Dungeon)
Scrolls
 c - 2 scrolls of blinking {!r}
 e - a scroll of revelation
 g - a scroll of poison {!r}
 j - a scroll of enchant weapon
 k - 2 scrolls of fear
 o - a scroll of fog {unknown}
Potions
 b - a potion of degeneration {unknown}
 f - a potion of mutation {unknown}
 h - 2 potions of lignification {unknown}
 q - 2 potions of heal wounds {unknown}

Dungeon Overview and Level Annotations

Branches:
Dungeon (3/15) Zot: 15552

Altars:
Gozag

Shops:
D:1

: #.## #. #...# ###..
....# ..... ....#
#...####....# #.........#
. #.........# #######
#.###(...o@...# ##.....##
#.....(.......###.......##
#.............##.........#
...(..........##.........#
...............#.........#
.........................#
..............##......>..#
..............##.........#
.............###.........#


You could see an orc priest.


Message History

You start resting.
You feel a little less mighty now. 😮 HP[+9]
You regained 9 hp, and now have 20/33 hp.
You now have 202 gold pieces (gained 5). 😮 HP[+1]
There is a stone staircase leading down here.
You start resting. 😎 HP[+12]
Your hp is fully restored (33).
You climb downwards.
The orc closely misses you. The orc hits you but does no damage.
There is a stone staircase leading up here.
Unknown command.
You slash the orc!
You kill the orc!
The orc priest calls down the wrath of Beogh upon you.
Beogh smites you!
Ouch! That really hurt!
* * * LOW HITPOINT WARNING * * *
You focus on the pain.
You feel very mighty all of a sudden. 😨 HP[-17]
You take 17 damage, and now have 16/33 hp.
MASSIVE DAMAGE!! (PAUSE)
The hobgoblin shouts!
There is a stone staircase leading up here.
Unknown command.
The orc priest mumbles some strange prayers to Beogh against you.
You barely resist.
You climb upwards.
There is a stone staircase leading down here.
Unknown command. 😮 HP[+1]
You start resting.
You feel a little less mighty now. 😕 HP[+12]
You regained 12 hp, and now have 29/33 hp.
You start resting. 😎 HP[+4]
Your hp is fully restored (33).
You climb downwards.
The hobgoblin hits you but does no damage.
There is a stone staircase leading up here.
Unknown command.
Unknown command.
The hobgoblin closely misses you.
The orc priest begins to cast a cantrip, but forgets the words!
You climb upwards.
There is a stone staircase leading down here.
Unknown command.
You hit the hobgoblin. The hobgoblin barely misses you.
You hit the hobgoblin.
You kill the hobgoblin!
No target in view!
No target in view!
You now have 239 gold pieces (gained 37).
You see here a +0 club {mace}.
Things that are here:
a +0 chain mail; a +0 mace {mace}
There is a stone staircase leading up here.
There is a stone staircase leading down here.
You climb downwards.
There is a stone staircase leading up here.
An orc priest is nearby!
The orc priest casts a cantrip, but nothing happens.
There is a stone staircase leading up here.
You throw a poisoned dart {throwing}.
The poisoned dart {throwing} hits the orc priest.
The orc priest is poisoned.
You throw a poisoned dart {throwing}.
The poisoned dart {throwing} closely misses the orc priest.
You throw a poisoned dart {throwing}.
The poisoned dart {throwing} completely misses the orc priest.
You barely miss the orc priest. The orc priest closely misses you.
You hit the orc priest. The orc priest closely misses you.
You hit the orc priest but do no damage.
The orc priest barely misses you.
You hit the orc priest.
The orc priest looks encouraged for a moment.
You barely miss the orc priest.
The orc priest looks more healthy.
The orc priest invokes the aid of Beogh against you.
Beogh smites you! 😮 HP[-11]
You take 11 damage, and now have 22/33 hp.
MASSIVE DAMAGE!! (PAUSE)
You hit the orc priest but do no damage.
The orc priest hits you but does no damage.
You hit the orc priest but do no damage.
The orc priest calls down the wrath of Beogh upon you.
Beogh smites you!
* * * LOW HITPOINT WARNING * * *
😨 HP[-12]
You take 12 damage, and now have 10/33 hp.
MASSIVE DAMAGE!! (PAUSE)
You hit the orc priest but do no damage.
The orc priest calls down the wrath of Beogh upon you.
Pain shoots through your body!
You die...
Your body crumbles into a pile of gold.

Skill      XL: |  1  2  3  4 |
---------------+-------------+-----
Axes           | 2 3 4 |  4.7
Fighting       | |  2.0
Throwing       | |  0.8
Armour         | |  0.8
Dodging        | |  1.7
Spellcasting   | |  2.0
Translocations | |  2.6

Action                     |  1- 3 |  4- 6 || total
---------------------------+-------+-------++-------
  Melee: Hand axe          |   134 |   121 ||   255
         Punch             |       |     1 ||     1
  Throw: Dart              |       |    13 ||    13
    Use: Scroll            |     2 |     4 ||     6
         Potion            |     2 |       ||     2
   Stab: Sleeping          |     2 |       ||     2
 Armour: Leather armour    |    44 |       ||    44
         Ring mail         |    47 |    98 ||   145
  Dodge: Dodged            |    81 |    87 ||   168

Levels and vault maps discovered:
D:1:      orjb1_lava_funnel, layout_rooms, serial_shops, shop,
          nicolae_houndstooth_variations
D:2:      layout_rooms, dreamdust_ecumenical_altar_grove,
          chequers_serial_rivers_small_a, minmay_strange_pillars,
          chequers_serial_rivers_micro_a, wad_orctagon
D:3:      layout_rooms, grunt_ministairs_14, minmay_misc_feat_columns,
          uniq_crazy_yiuf_cottage

Notes
Turn   | Place    | Note
-------+----------+-------------------------------------------
     0 | D:1      | MackTheKnife the Demonspawn Warper began the quest for the
                  | Orb.
     0 | D:1      | Reached XP level 1. HP: 16/16 MP: 3/3
     0 | D:1      | magus.rc [v1.9.6]
    41 | D:1      | Reached skill level 2 in Axes
   110 | D:1      | Gained mutation: You sometimes gain a little power by
                  | taking damage. [demonic ancestry]
   110 | D:1      | Reached XP level 2. HP: 17/22 MP: 5/5
   284 | D:1      | Found Anuesujeru's Book Shop.
   287 | D:1      | You pick up a book of the Moon and begin reading...
   287 | D:1      | You add the spells Passage of Golubria, Silence and
                  | Lehudib's Crystal Spear to your library.
   372 | D:1      | Reached skill level 3 in Axes
   461 | D:1      | Reached XP level 3. HP: 22/27 MP: 6/6
   828 | D:1      | HP: 6/27 [poisoned by an adder]
   925 | D:1      | magus.rc [v1.9.6]
  1106 | D:2      | HP: 4/27 [adder (3)]
  1111 | D:2      | HP: 6/27 [poisoned by an adder]
  1114 | D:2      | HP: 2/27 [poisoned by an adder]
  1241 | D:2      | Reached XP level 4. HP: 31/33 MP: 7/7
  1338 | D:2      | Reached skill level 4 in Axes
  1411 | D:2      | HP: 6/33 [orc/+0 mace (4)]
  1659 | D:2      | You add the spells Gell's Gravitas and Dispersal to your
                  | library.
  1870 | D:2      | Found a faded altar of an unknown god.
  1888 | D:2      | Prayed at the altar of an unknown god.
  1888 | D:2      | Became a worshipper of Gozag Ym Sagoz the Greedy
  2407 | D:3      | Killed from afar by an orc priest

Vanquished Creatures
  3 adders
  3 gnolls (D:2)
  A dart slug (D:1)
  7 orcs
  A ball python (D:2)
  A bat (D:3)
  3 endoplasms
  2 giant cockroaches
  3 goblins (D:1)
  4 hobgoblins
  9 jackals
  6 quokkas
  7 frilled lizards
  8 kobolds
  4 rats
62 creatures vanquished.

Table legend:
 A = Non-vault XP
 B = Vault XP
 C = Vault XP percentage of total XP
 D = Non-vault monster count
 E = Vault monster count
 F = Vault count percentage of total count
                 A         B        C        D         E       F
            +---------+---------+-------+---------+---------+-------
      Total |     176 |      12 |   6.4 |      58 |       4 |   6.5
            +---------+---------+-------+---------+---------+-------
        D:1 |      58 |       0 |   0.0 |      26 |       0 |   0.0
        D:2 |      96 |      12 |  11.1 |      26 |       4 |  13.3
        D:3 |      22 |       0 |   0.0 |       6 |       0 |   0.0
            +---------+---------+-------+---------+---------+-------

Skill      XL: |  1  2  3  4 |
---------------+-------------+-----
Axes           | 2 3 4 |  4.7
Fighting       | |  2.0
Throwing       | |  0.8
Armour         | |  0.8
Dodging        | |  1.7
Spellcasting   | |  2.0
Translocations | |  2.6

Action                     |  1- 3 |  4- 6 || total
---------------------------+-------+-------++-------
  Melee: Hand axe          |   134 |   121 ||   255
         Punch             |       |     1 ||     1
  Throw: Dart              |       |    13 ||    13
    Use: Scroll            |     2 |     4 ||     6
         Potion            |     2 |       ||     2
   Stab: Sleeping          |     2 |       ||     2
 Armour: Leather armour    |    44 |       ||    44
         Ring mail         |    47 |    98 ||   145
  Dodge: Dodged            |    81 |    87 ||   168

Illustrated notes

Table legend:
 A = Kills in this place as a percentage of kills in the entire game.
 B = Kills by you in this place as a percentage of kills by you in the entire game.
 C = Kills by friends in this place as a percentage of kills by friends in the entire game.
 D = Other kills in this place as a percentage of other kills in the entire game.
 E = Experience gained in this place as a percentage of experience gained in the entire game.
 F = Experience gained in this place divided by the number of levels of this place that you have seen.
                   A       B       C       D       E      F
               +-------+-------+-------+-------+-------+----------------------
         Total | 100.0 | 100.0 |   N/A |   N/A | 100.0 |  62.7
       Dungeon | 100.0 | 100.0 |   N/A |   N/A | 100.0 |  62.7
               +-------+-------+-------+-------+-------+----------------------

Table legend: (Time is in decaauts)
 A = Elapsed time spent in this place.
 B = Non-inter-level travel time spent in this place.
 C = Inter-level travel time spent in this place.
 D = Time resting spent in this place.
 E = Time spent auto-exploring this place.
 F = Levels seen in this place.
 G = Mean time per level.
                   A        B        C        D        E       F      G
               +--------+--------+--------+--------+--------+-----+--------+
         Total |   2446 |   2366 |     80 |    588 |   1119 |   3 |  815.3 |
       Dungeon |   2446 |   2366 |     80 |    588 |   1119 |   3 |  815.3 |
               +--------+--------+--------+--------+--------+-----+--------+

Top non-repeatable levels by time:
     D:2: 1300 daAuts
     D:1: 971 daAuts
     D:3: 173 daAuts
